 Dungeon Crawl Stone Soup version 0.27-a0-1116-g91b3acb402 (webtiles) character file.

Game seed: 12005946638400287656

29 kodamatunes15 the Ruffian (level 3, -4/30 HPs)
             Began as a Ghoul Gladiator on May 1, 2021.
             Slain by a goblin
             ... wielding a +0 club
              (5 damage)
             ... on level 1 of the Dungeon.
             The game lasted 00:03:46 (267 turns).

kodamatunes15 the Ruffian (Ghoul Gladiator)          Turns: 267, Time: 00:03:46

Health: -4/30      AC:  4    Str: 18    XL:     3   Next: 16%
Magic:  2/2        EV: 12    Int:  3    God:
Gold:   27         SH:  0    Dex: 10    Spells: 2/2 levels left

rFire    . . .     SeeInvis .     - Unarmed
rCold    + . .     Faith    .   (no shield)
rNeg     + + +     Spirit   .   a - +0 leather armour
rPois    ∞         Reflect  .   b - +0 helmet
rElec    .         Harm     .   (no cloak)
rCorr    .         Rampage  .   (no gloves)
Will     .....                  (no boots)
Stlth    +.........             (no amulet)
HPRegen  0.00/turn              (no ring)
MPRegen  0.08/turn              (no ring)

@: no status effects
A: claws 1, cold resistance 1, negative energy resistance 3, inhibited
regeneration, torment resistance 2, unbreathing 1
a: no special abilities


You were on level 1 of the Dungeon.
You visited 1 branch of the dungeon, and saw 1 of its levels.

You collected 27 gold pieces.

Inventory:

Hand Weapons
 d - a +0 club
 h - a +0 dagger
Missiles
 c - 3 throwing nets (quivered)
 e - 18 arrows
 g - 50 stones
Armour
 a - a +0 leather armour (worn)
 b - a +0 helmet (worn)
Potions
 f - a potion of resistance {unknown}


   Skills:
 + Level 2.4 Fighting
 + Level 1.9 Throwing
 + Level 0.3 Armour
 + Level 3.0 Dodging
 + Level 3.9 Unarmed Combat


You had 2 spell levels left.
You didn't know any spells.
Your spell library was empty.

Dungeon Overview and Level Annotations

Branches:
Dungeon (1/15)

Altars:


Innate Abilities, Weirdness & Mutations

You thrive by killing the living.
You are immune to poison.
You have sharp fingernails.
Your flesh is cold resistant. (rC+)
You are immune to negative energy. (rN+++)
You do not regenerate when monsters are visible.
You are immune to unholy pain and torment.
You can survive without breathing.


Message History

You kill the jackal!
The jackal bites you but does no damage.
The jackal closely misses you.
A goblin comes into view. It is wielding a +0 club.
The kobold closely misses you. The jackal bites you.
* * * LOW HITPOINT WARNING * * *
The jackal misses you.
You scratch the jackal but do no damage.
You claw the jackal.
The jackal is almost dead.
The jackal closely misses you. The rat bites you.
* * * LOW HITPOINT WARNING * * *
The jackal closely misses you. The kobold barely misses you.
A jackal comes into view.
The jackal barks!
You claw the jackal!
You kill the jackal!
You hear a bark!
The jackal barely misses you. The rat bites you but does no damage.
The kobold barely misses you.
You claw the rat!
You kill the rat!
The jackal bites you but does no damage.
You scratch the frilled lizard.
The frilled lizard is heavily wounded.
The jackal completely misses you. The kobold barely misses you.
The frilled lizard bites you.
* * * LOW HITPOINT WARNING * * *
The jackal bites you but does no damage.
You claw the frilled lizard!
You kill the frilled lizard!
You feel better. The jackal closely misses you.
The kobold hits you with a +0 dagger.
* * * LOW HITPOINT WARNING * * *
The jackal barely misses you. x2
You barely miss the goblin. The jackal bites you.
* * * LOW HITPOINT WARNING * * *
The kobold misses you. The jackal barely misses you.
The goblin hits you with a +0 club.
You die...

.?... #.... #.... #.#.#
#.#.# ### #.#.# #≈#
+#.#.#h#h###≈###########
>.....g@....≈...........
...###K#.#..≈..### .####
...#....≈..# ..
#.#######≈#.# .## #.
#≈#.### ..# . #≈#...#
#.# # ...###...# #.#
#......>.####.##
.................


You could see 2 jackals, a goblin and a kobold.

Vanquished Creatures
  A dart slug (D:1)
  3 endoplasms (D:1)
  3 goblins (D:1)
  4 jackals (D:1)
  A kobold (D:1)
  A quokka (D:1)
  2 ball pythons (D:1)
  3 bats (D:1)
  A frilled lizard (D:1)
  6 rats (D:1)
25 creatures vanquished.

Notes
Turn   | Place    | Note
-------+----------+-------------------------------------------
     0 | D:1      | kodamatunes15 the Ghoul Gladiator began the quest for the
                  | Orb.
     0 | D:1      | Reached XP level 1. HP: 17/17 MP: 0/0
   102 | D:1      | Reached XP level 2. HP: 18/24 MP: 1/1
   257 | D:1      | Reached XP level 3. HP: 18/30 MP: 2/2
   267 | D:1      | HP: 1/30 [jackal (1)]
   267 | D:1      | Slain by a goblin

Illustrated notes

Levels and vault maps discovered:
D:1:      lemuel_arrival_cross, layout_basic,
          hellmonk_ecumenical_altar_dog_temple, minmay_misc_feat_tower,
          chequers_serial_rivers_micro_a

Skill      XL: |  1  2 |
---------------+-------+-----
Dodging        | 3 |  3.0
Fighting       | |  2.4
Throwing       | |  1.9
Armour         | |  0.3
Unarmed Combat | |  3.9

Action                   || total
-------------------------++-------
Melee: Unarmed           ||    61
       Punch             ||     2
  Use: Scroll            ||     2
Armor: Leather armour    ||    39
Dodge: Dodged            ||    65

Table legend: (Time is in decaauts)
 A = Elapsed time spent in this place.
 B = Non-inter-level travel time spent in this place.
 C = Inter-level travel time spent in this place.
 D = Time resting spent in this place.
 E = Time spent auto-exploring this place.
 F = Levels seen in this place.
 G = Mean time per level.
                   A        B        C        D        E       F      G
               +--------+--------+--------+--------+--------+-----+--------+
         Total |    263 |    109 |    154 |      0 |      0 |   1 |  263.0 |
       Dungeon |    263 |    109 |    154 |      0 |      0 |   1 |  263.0 |
               +--------+--------+--------+--------+--------+-----+--------+

Top non-repeatable levels by time:
     D:1: 263 daAuts
